 Dungeon Crawl Stone Soup version 0.27.0-1-g7a089689b8 (webtiles) character file.

Game seed: 3483245041187772424

109 Crownlay the Shooter (level 4, 0/37 HPs)
             Began as a Minotaur Hunter on Aug 12, 2021.
             Killed by divine providence
             ... invoked by an orc priest
              (14 damage)
             ... on level 3 of the Dungeon.
             The game lasted 00:03:32 (2035 turns).

Crownlay the Shooter (Minotaur Hunter)              Turns: 2035, Time: 00:03:33

Health: 0/37       AC:  3    Str: 17    XL:     4   Next: 60%
Magic:  3/3        EV: 11    Int:  8    God:
Gold:   97         SH:  0    Dex: 11    Spells: 3/3 levels left

rFire    . . .     SeeInvis .   a - +1 shortbow
rCold    . . .     Faith    .   (shield currently unavailable)
rNeg     . . .     Spirit   .   c - +0 leather armour
rPois    .         Reflect  .   (helmet restricted)
rElec    .         Harm     .   (no cloak)
rCorr    .         Rampage  .   (no gloves)
Will     .....                  (no boots)
Stlth    +.........             j - amulet of regeneration
HPRegen  1.12/turn              (no ring)
MPRegen  0.08/turn              (no ring)

@: no status effects
A: horns 2, retaliatory headbutt
a: no special abilities


You were on level 3 of the Dungeon.
You visited 1 branch of the dungeon, and saw 3 of its levels.

You collected 97 gold pieces.

Inventory:

Hand Weapons
 a - a +1 shortbow (weapon)
 b - a +0 short sword
Missiles
 d - 53 arrows (quivered ammo)
Armour
 c - a +0 leather armour (worn)
Jewellery
 j - an amulet of regeneration (around neck)
 l - a ring of magical power
Scrolls
 e - 2 scrolls of vulnerability {unknown}
 f - a scroll of enchant armour {unknown}
 h - 2 scrolls of enchant weapon {unknown}
 i - a scroll of blinking {unknown}
 k - 2 scrolls of identify {unknown}
 p - a scroll of teleportation {unknown}
Potions
 g - a potion of flight {unknown}
 m - a potion of heal wounds {unknown}
 n - 2 potions of brilliance {unknown}
 o - a potion of curing {unknown}
 q - a potion of might {unknown}
 r - a potion of mutation {unknown}


   Skills:
 - Level 2.4 Fighting
 * Level 6.7 Bows
 - Level 2.1 Dodging
 - Level 0.7 Stealth


You had 3 spell levels left.
You didn't know any spells.
Your spell library contained the following spells:

 Spells                   Type           Power      Damage    Failure   Level
 Magic Dart               Conj           0%         1d3       47%         1
 Shock                    Conj/Air       0%         1d3       47%         1
 Searing Ray              Conj           0%         3d3       63%         2
 Fulminant Prism          Conj/Hex       0%         3d6       99%         4


Dungeon Overview and Level Annotations

Branches:
Dungeon (3/15)

Altars:


Innate Abilities, Weirdness & Mutations

You have a pair of horns on your head.
You reflexively headbutt those who attack you in melee.


Message History

An orc comes into view. It is wielding a +0 flail.
You shoot an arrow. The orc shouts!
The arrow hits the orc.
The orc is almost dead.
You hear a shout!
An orc priest comes into view.
It is wielding a +2 short sword of electrocution.
You shoot an arrow. The arrow barely misses the orc.
The orc priest mumbles some strange prayers to Beogh against you.
Beogh smites you!
You shoot an arrow. The arrow hits the orc.
You kill the orc!
You shoot an arrow. The arrow closely misses the orc.
Fire: 59 arrows
Press: ? - help, Q - select action Shift-Dir - straight line, f - orc priest, p - orc
Aim: an orc priest, wielding a +2 short sword of electrocution (62% to hit)
You shoot an arrow. The arrow hits the orc priest.
The orc priest is lightly wounded.
A frilled lizard comes into view.
An orc comes into view. It is wielding a +0 short sword.
Fire: 58 arrows
Press: ? - help, Q - select action Shift-Dir - straight line, f/p - orc priest
Aim: an orc priest, wielding a +2 short sword of electrocution (lightly wounded, 62% to hit)
You shoot an arrow. The arrow hits the orc priest.
The orc priest is heavily wounded.
You shoot an arrow. The arrow hits the orc.
The orc is heavily wounded.
You shoot an arrow. The arrow hits the orc.
The orc is severely wounded.
The orc barely misses you.
You shoot an arrow. The arrow hits the orc!
You kill the orc!
You shoot an arrow. The arrow barely misses the orc priest.
The orc priest hits you with a +2 short sword of electrocution.
You are electrocuted!
* * * LOW HITPOINT WARNING * * *
You are too injured to fight recklessly!
The orc priest invokes the aid of Beogh against you.
Beogh smites you!
You die...

#..# ##.#
##########.##
#...........#
#...........##
#............#
#..........#.##
#....)..(..#..#
#..........##@#
#############.#
#o# .......l.#
[......(o#
........(#
.......((o
#########(# .(


You could see an orc priest, 2 orcs and a frilled lizard.

Vanquished Creatures
  An iguana (D:3)
  Robin (D:2)
  A worm (D:2)
  2 dart slugs (D:1)
  2 orcs (D:3)
  An endoplasm (D:2)
  17 goblins
  5 hobgoblins
  4 jackals (D:1)
  3 kobolds
  2 quokkas
  8 ball pythons
  4 bats
  4 frilled lizards
  4 rats
59 creatures vanquished.

Notes
Turn   | Place    | Note
-------+----------+-------------------------------------------
     0 | D:1      | Crownlay the Minotaur Hunter began the quest for the Orb.
     0 | D:1      | Reached XP level 1. HP: 18/18 MP: 0/0
   308 | D:1      | Reached XP level 2. HP: 11/25 MP: 1/1
   320 | D:1      | Reached skill level 5 in Bows
   715 | D:1      | Found a faded altar of an unknown god.
   726 | D:1      | Got Plato's Compendium of Confrontation
   965 | D:1      | Reached XP level 3. HP: 30/30 MP: 2/2
  1264 | D:2      | Noticed Robin
  1282 | D:2      | Killed Robin
  1283 | D:2      | Reached skill level 6 in Bows
  1396 | D:2      | Reached XP level 4. HP: 37/37 MP: 3/3
  2035 | D:3      | Killed from afar by an orc priest

Illustrated notes

Levels and vault maps discovered:
D:1:      mainiacjoe_arrival_reflecting_pool, layout_basic,
          shapermc_ecumenical_altar_rom_forum
D:2:      layout_basic, amcnicky_mini_pool_small, uniq_robin
D:3:      layout_basic

Skill      XL: |  1  2  3 |
---------------+----------+-----
Bows           | 5 6 |  6.7
Fighting       | |  2.4
Dodging        | |  2.1
Stealth        | |  0.7

Action                   |  1- 3 |  4- 6 || total
-------------------------+-------+-------++-------
Melee: Short sword       |   118 |    35 ||   153
       Headbutt          |    11 |     4 ||    15
 Fire: Shortbow          |       |    19 ||    19
Armor: Leather armour    |    56 |     8 ||    64
Dodge: Dodged            |   102 |    22 ||   124
